 Dungeon Crawl Stone Soup version 0.20.1-1-g8b1a95d (webtiles) character file.

1332 MontyDaPython the Chopper (level 8, -1/62 HPs)
             Began as a Demonspawn Berserker on Aug 19, 2017.
             Was an Elder of Trog.
             Killed from afar by an electric eel (13 damage)
             ... with a bolt of electricity
             ... on level 6 of the Dungeon.
             The game lasted 00:38:34 (6246 turns).

MontyDaPython the Chopper (Demonspawn Berserker)    Turns: 6246, Time: 00:38:35

Health: -1/62      AC: 12    Str: 20    XL:     8   Next: 34%
Magic:  8/8        EV:  8    Int:  9    God:    Trog [****..]
Gold:   315        SH:  0    Dex: 12    Spells: 7/7 levels left

rFire    . . .     SeeInvis .   a - +0 hand axe
rCold    . . .     Gourm    .   (no shield)
rNeg     . . .     Faith    .   t - +0 chain mail
rPois    +         Spirit   .   (helmet restricted)
rElec    .         Reflect  .   (no cloak)
rCorr    .         Harm     .   (no gloves)
MR       .....                  (no boots)
Stlth    ..........             (no amulet)
Regen    0.2/turn               p - ring of poison resistance
MPRegen  0.2/turn               (no ring)

@: no status effects
A: horns 1, yellow scales 2, powered by death 2
a: Berserk, Trog's Hand, Brothers in Arms, Burn Spellbooks, Renounce Religion


You were on level 6 of the Dungeon.
You worshipped Trog.
Trog was greatly pleased with you.
You were not hungry.

You visited 1 branch of the dungeon, and saw 6 of its levels.

You collected 315 gold pieces.

Inventory:

Hand Weapons
 a - a +0 hand axe (weapon)
 d - a +0 club
 e - a +0 club
 j - a +1 dagger of electrocution
 k - a +1 dagger of protection
 z - a cursed +0 scimitar
 A - a +0 war axe
 H - a +0 hand axe
 I - a +5 battleaxe of freezing
Armour
 b - a +0 animal skin
 f - a +1 ring mail
 g - a +0 robe
 h - a +0 pair of gloves
 o - a +0 ring mail
 q - a +0 robe
 t - a +0 chain mail (worn)
 u - a +0 ring mail
 w - a +0 leather armour
 G - a +0 scale mail
 K - a +0 plate armour
 M - a +0 cloak
Jewellery
 p - a ring of poison resistance (left hand)
 r - an uncursed amulet of magic regeneration {unknown}
 F - an uncursed ring of see invisible {unknown}
 J - an uncursed ring of resist corrosion {unknown}
Wands
 O - a wand of polymorph (0/24)
Scrolls
 m - a scroll of amnesia
 s - 2 scrolls of noise
 y - 2 scrolls of recharging {unknown}
 D - a scroll of magic mapping
 E - 3 scrolls of enchant armour
 L - 3 scrolls of identify
 N - a scroll of remove curse {unknown}
 P - a scroll of enchant weapon {unknown}
 Q - a scroll of teleportation
Potions
 n - 3 potions of heal wounds {unknown}
 v - a potion of flight {unknown}
 x - a potion of ambrosia
 B - a potion of magic {unknown}
 C - 2 potions of curing {unknown}
 R - a potion of lignification {unknown}
Comestibles
 c - 5 bread rations
 i - 2 royal jellies
 l - 4 meat rations


   Skills:
 + Level 5.2 Fighting
 + Level 0.3 Short Blades
 + Level 7.0 Axes
 + Level 4.8 Armour
 + Level 2.6 Dodging
 + Level 1.6 Stealth


You had 7 spell levels left.
You didn't know any spells.

Dungeon Overview and Level Annotations

Branches:
Dungeon (6/15)
 Temple: D:4-7

Altars:
Cheibriados
Dithmenos
Gozag
Hepliaklqana
Vehumet
Yredelemnul


Innate Abilities, Weirdness & Mutations

You have a pair of small horns on your head.
You are mostly covered in yellow scales. (AC +3)
You regenerate health from kills.


Message History

The orc warrior is lightly wounded.
The orc warrior hits you with a dire flail!!
You closely miss the orc warrior.
The orc warrior is lightly wounded.
The orc warrior hits you with a dire flail.
An electric eel comes into view.
You closely miss the orc warrior.
The orc warrior is lightly wounded.
The orc warrior hits you with a dire flail!
The electric eel shoots out a bolt of lightning at you!
The bolt of electricity hits you! The bolt of electricity misses you.
The electric eel shoots out a bolt of lightning at you!
The bolt of electricity hits you!
* * * LOW HITPOINT WARNING * * *
Okay, then.
The electric eel shoots out a bolt of lightning at you!
The bolt of electricity hits you!
* * * LOW HITPOINT WARNING * * *
The bolt of electricity hits you!
You die...

#.# ####.##...)....#
#.### #..#.((.########
#...# #.....####...#
#)#)### ##.##.........#
.<#...# #..##..≈≈≈≈≈≈≈≈≈
.####.#
##......≈##≈≈≈##≈
#####.####...###.≈######
###..........####≈≈#...#
<##.............@.ooo.[#
.............####≈≈#o..#
.................≈## ###
.##.####......###;#
###.#......#### #≈≈≈
###...##.#.# ###..#
.....###.#.# ...
####.....#.# ..
###..##.# .


You could see an orc warrior, an electric eel and 3 orcs.

Vanquished Creatures
  An ogre (D:6)
  2 centaurs
  Blork the orc (D:6)
  2 bullfrogs
  5 wights (D:5)
  A crimson imp (D:5)
  4 hounds
  A gnoll shaman (D:5)
  An orc priest (D:4)
  4 orc wizards
  An iguana (D:6)
  2 worker ants (D:5)
  6 adders
  7 gnolls
  A shadow imp (D:5)
  An ooze (D:3)
  An adder zombie (D:5)
  An adder skeleton (D:6)
  3 worms
  A dart slug (D:2)
  4 leopard geckos
  26 orcs
  12 bats
  8 giant cockroaches
  9 goblins
  14 hobgoblins
  10 jackals (D:4)
  6 kobolds
  3 quokkas
  A ball python (D:3)
  2 frilled lizards
  9 rats
150 creatures vanquished.

Notes
Turn   | Place    | Note
-------+----------+-------------------------------------------
     0 | D:1      | MontyDaPython the Demonspawn Berserker began the quest for the Orb.
     0 | D:1      | Reached XP level 1. HP: 18/18 MP: 1/1
   369 | D:1      | Gained mutation: You have a pair of small horns on your head. [demonic ancestry]
   369 | D:1      | Reached XP level 2. HP: 24/24 MP: 2/2
   451 | D:1      | Reached skill level 3 in Axes
   988 | D:1      | Reached ** piety under Trog
   989 | D:1      | Gained mutation: You are partially covered in yellow scales. (AC +2) [demonic ancestry]
   989 | D:1      | Reached XP level 3. HP: 25/29 MP: 3/3
  1794 | D:2      | Found an opulent altar of Gozag.
  1922 | D:2      | Reached XP level 4. HP: 36/36 MP: 4/4
  2545 | D:3      | Found a hazy altar of Hepliaklqana.
  2583 | D:3      | Gained mutation: You regenerate a little health from kills. [demonic ancestry]
  2583 | D:3      | Reached XP level 5. HP: 42/42 MP: 5/5
  2735 | D:3      | Found a basalt altar of Yredelemnul.
  3009 | D:3      | Reached *** piety under Trog
  3015 | D:3      | Found a radiant altar of Vehumet.
  3015 | D:3      | Found a snail-covered altar of Cheibriados.
  3497 | D:4      | Reached skill level 1 in Stealth
  3531 | D:4      | Reached skill level 4 in Axes
  3973 | D:5      | Entered Level 5 of the Dungeon
  4084 | D:5      | Found a shadowy altar of Dithmenos.
  4174 | D:5      | Gained mutation: You regenerate health from kills. [demonic ancestry]
  4174 | D:5      | Reached XP level 6. HP: 46/48 MP: 6/6
  4370 | D:5      | Reached skill level 5 in Axes
  4477 | D:5      | Reached **** piety under Trog
  4553 | D:5      | Gained mutation: You are mostly covered in yellow scales. (AC +3) [demonic ancestry]
  4553 | D:5      | Reached XP level 7. HP: 47/55 MP: 7/7
  4774 | D:5      | Reached skill level 6 in Axes
  5537 | D:6      | Reached XP level 8. HP: 52/61 MP: 8/8
  5690 | D:6      | Noticed Blork the orc
  5957 | D:6      | Reached skill level 5 in Fighting
  5963 | D:6      | Killed Blork the orc
  6142 | D:6      | Reached skill level 7 in Axes
  6246 | D:6      | Killed from afar by an electric eel

Skill      XL: |  1  2  3  4  5  6  7  8 |
---------------+-------------------------+-----
Axes           | 3 4 5 6 7 |  7.0
Armour         | 2 3 4 |  4.8
Dodging        | 2 |  2.6
Stealth        | 1 |  1.6
Fighting       | 4 5 |  5.2
Short Blades   | |  0.3

Action                   |  1- 3 |  4- 6 |  7- 9 || total
-------------------------+-------+-------+-------++-------
Melee: Hand axe          |   109 |   298 |   170 ||   577
       Headbutt          |     8 |    63 |    30 ||   101
       Dagger            |    46 |       |       ||    46
       Unarmed           |       |       |     1 ||     1
Invok: Berserk           |       |       |     1 ||     1
  Use: Potion            |     2 |       |       ||     2
       Scroll            |     5 |     7 |       ||    12
  Eat: Chunk             |     3 |     9 |     7 ||    19
Armor: Animal skin       |    15 |       |       ||    15
       Ring mail         |    66 |    44 |       ||   110
       Chain mail        |       |   102 |    81 ||   183
Dodge: Dodged            |   118 |   165 |    76 ||   359
